 Dungeon Crawl Stone Soup version 0.21.1-1-g345015f (webtiles) character file.

23339 empire the Carver (level 12, -8/106 HPs)
             Began as a Minotaur Fighter on Apr 16, 2018.
             Was the Champion of Cheibriados.
             Splashed by an oklob plant's acid (15 damage)
             ... on level 2 of the Lair of Beasts on Apr 17, 2018.
             The game lasted 00:31:32 (13272 turns).

empire the Carver (Minotaur Fighter)               Turns: 13272, Time: 00:31:34

Health: -8/106     AC: 10    Str: 40    XL:     12   Next: 71%
Magic:  17/17      EV: 20    Int: 20    God:    Cheibriados [******]
Gold:   967        SH: 15    Dex: 29    Spells: 15/15 levels left

rFire    . . .     SeeInvis .   a - +3 scimitar (freeze)
rCold    . . .     Gourm    .   c - +0 shield
rNeg     + . .     Faith    .   b - +0 pearl dragon scales
rPois    .         Spirit   .   q - +2 hat {MR+}
rElec    .         Reflect  .   (no cloak)
rCorr    .         Harm     .   (no gloves)
MR       +....                  S - +0 pair of boots
Stlth    ++........             (no amulet)
HPRegen  0.27/turn              w - ring of stealth
MPRegen  0.15/turn              l - +3 ring of strength

@: corroded, very slow
A: retaliatory headbutt, horns 2
a: Bend Time, Temporal Distortion, Slouch, Step From Time, Renounce Religion


You were on level 2 of the Lair of Beasts.
You worshipped Cheibriados.
Cheibriados was exalted by your worship.
You were not hungry.

You visited 4 branches of the dungeon, and saw 16 of its levels.

You collected 967 gold pieces.

Inventory:

Hand Weapons
 a - a +3 scimitar of freezing (weapon)
Armour
 b - +0 pearl dragon scales (worn)
 c - a +0 shield (worn)
 m - a +0 chain mail of cold resistance
 q - a +2 hat of magic resistance (worn)
 S - a +0 pair of boots (worn)
Jewellery
 e - an uncursed ring of see invisible {unknown}
 l - a +3 ring of strength (right hand)
 w - a ring of stealth (left hand)
Wands
 o - a wand of disintegration (3)
 u - a wand of digging (14)
 A - a wand of iceblast (12)
 N - a wand of enslavement (8)
Scrolls
 g - 2 scrolls of noise
 k - 7 scrolls of remove curse
 n - a scroll of immolation
 r - 3 scrolls of enchant weapon
 s - a scroll of magic mapping {unknown}
 x - 4 scrolls of amnesia {unknown}
 y - 5 scrolls of teleportation {unknown}
 D - a scroll of fog {unknown}
 G - a scroll of enchant armour {unknown}
 H - 3 scrolls of blinking {unknown}
 U - a scroll of fear
Potions
 d - a potion of magic
 i - 5 potions of mutation
 j - 3 potions of brilliance
 p - 2 potions of curing
 z - a potion of lignification
 C - 2 potions of ambrosia {unknown}
 I - a potion of flight
Comestibles
 f - 23 rations


   Skills:
 - Level 10.0 Fighting
 - Level 10.0 Long Blades
 - Level 10.0 Armour
 + Level 9.5 Dodging
 + Level 9.9 Shields
 - Level 2.0 Spellcasting
 - Level 8.0 Invocations
 - Level 8.0 Evocations


You had 15 spell levels left.
You didn't know any spells.

Dungeon Overview and Level Annotations

Branches:
Dungeon (12/15)            Temple (1/1) D:6            Lair (2/6) D:11
    Orc (1/2) D:9
  Swamp: Lair:2-4    Shoals: Lair:2-4     Snake: Lair:2-4    Spider: Lair:2-4

Altars:
Ashenzari
Cheibriados
Dithmenos
Elyvilon
Fedhas
Gozag
Hepliaklqana
Kikubaaqudgha
Makhleb
Nemelex Xobeh
Okawaru
Qazlal
Ru
Sif Muna
Trog
Uskayaw
Vehumet
Wu Jian
Xom
Yredelemnul
Zin
The Shining One

Portals:
Trove: D:11 (give +3 storm dragon scales)

Annotations:
Lair:2 exclusion: 3 oklob plants


Innate Abilities, Weirdness & Mutations

You reflexively headbutt those who attack you in melee.
You have a pair of horns on your head.


Message History

The oklob plant spits acid at you. The splash of acid hits you!
You are splashed with acid!
The acid burns!
* * * LOW HITPOINT WARNING * * *
Okay, then.
Okay, then.
Unknown command.
The oklob plant spits acid at you. The splash of acid hits you!
* * * LOW HITPOINT WARNING * * *
The acid corrodes you!
You are splashed with acid!
The acid burns!
* * * LOW HITPOINT WARNING * * *
The oklob plant spits acid at you. The splash of acid hits you!
The acid corrodes you!
You are splashed with acid!
The acid burns!
* * * LOW HITPOINT WARNING * * *
The oklob plant spits acid at you. The splash of acid hits you!
* * * LOW HITPOINT WARNING * * *
You are splashed with acid!
The acid burns!
You die...

####### #$.P.P# #P!.$.# #$./}$#
#.$$$.# #.=...# ##††PPP##
###.@.....## #..........#
###......... #...<....##
##P.......# #P........#
##.........#
##############.......## . ##
##P..P#.#.#.###.......######.###.


You could see 3 oklob plants.

Vanquished Creatures
  Gastronok (D:11)
  The ghost of sankara the Severer, a journeyman HOFi of Makhleb (D:10)
  A centaur warrior (D:9)
  4 two-headed ogres
  The ghost of Agrougrou the Cleaver, a novice DsFi of Okawaru (D:9)
  The ghost of Mirai the Thaumaturge, a novice DECj (D:8)
  Pikel (D:8)
  An oklob plant (Lair:2)
  Maurice (D:9)
  An elephant (D:11)
  3 spiny frogs
  A rime drake (Lair:1)
  6 kobold demonologists (D:11)
  3 blink frogs (Lair:2)
  2 slime creatures (D:11)
  7 hippogriffs
  A spriggan (D:8)
  A vampire (D:11)
  Grum (D:9)
  15 yaks
  3 basilisks
  The ghost of soepske the Skirmisher, an amateur DsBe of Trog (D:4)
  2 steam dragons
  6 water moccasins
  5 porcupines
  3 ice beasts
  3 orc warriors
  A phantom (D:7)
  4 sky beasts
  A necrophage (D:5)
  7 ogres
  13 wolves
  5 crocodiles
  6 centaurs
  6 big kobolds
  4 bullfrogs
  A wyvern skeleton (D:9)
  2 scorpions (D:7)
  3 wights (D:11)
  8 howler monkeys
  5 crimson imps
  7 hounds
  2 jellies
  9 orc priests
  6 orc wizards
  2 bullfrog skeletons
  8 worker ants
  Natasha (thrice) (D:3)
  2 hound skeletons
  Robin (D:4)
  4 gnolls
  A howler monkey skeleton (D:7)
  4 adders
  2 shadow imps
  2 oozes
  An adder skeleton (D:4)
  An adder zombie (D:6)
  4 worms
  3 dart slugs
  6 leopard geckos
  42 orcs
  6 giant cockroaches
  13 goblins
  8 hobgoblins
  16 jackals
  7 quokkas
  4 ball pythons
  10 bats
  21 kobolds
  8 rats
  A spectral orc (D:7)
  2 fungi
  2 plants (Lair:2)
350 creatures vanquished.

Vanquished Creatures (others)
  A bullfrog (D:8)
  A crimson imp (D:8)
  2 leopard geckos (D:8)
  An orc (D:8)
  A plant (Lair:2)
6 creatures vanquished.

Grand Total: 356 creatures vanquished

Notes
Turn   | Place    | Note
-------+----------+-------------------------------------------
     0 | D:1      | empire the Minotaur Fighter began the quest for the Orb.
     0 | D:1      | Reached XP level 1. HP: 19/19 MP: 0/0
   158 | D:1      | Reached XP level 2. HP: 15/27 MP: 1/1
   393 | D:1      | Reached XP level 3. HP: 29/33 MP: 2/2
   841 | D:2      | Reached skill level 5 in Long Blades
   869 | D:2      | Reached XP level 4. HP: 24/40 MP: 3/3
  1578 | D:3      | Noticed Natasha
  1584 | D:3      | Killed Natasha
  1584 | D:3      | Reached skill level 5 in Armour
  1584 | D:3      | Reached XP level 5. HP: 21/46 MP: 4/4
  1985 | D:3      | Noticed Natasha
  1990 | D:3      | Killed Natasha
  2071 | D:3      | Noticed Natasha
  2081 | D:3      | Killed Natasha
  2581 | D:4      | You fall through a shaft!
  2581 | D:5      | Entered Level 5 of the Dungeon
  2581 | D:5      | Noticed a sky beast
  2616 | D:5      | Killed a sky beast
  2616 | D:5      | Reached skill level 5 in Shields
  2616 | D:5      | Reached XP level 6. HP: 24/52 MP: 5/5
  2645 | D:5      | Reached skill level 1 in Dodging
  3034 | D:4      | Noticed Robin
  3046 | D:4      | Killed Robin
  3133 | D:4      | Noticed soepske's ghost (amateur DsBe)
  3154 | D:4      | Killed soepske's ghost
  3154 | D:4      | Reached XP level 7. HP: 34/58 MP: 6/6
  3302 | D:4      | Reached skill level 5 in Dodging
  3576 | D:5      | Reached skill level 1 in Evocations
  4280 | D:5      | Reached XP level 8. HP: 58/66 MP: 8/10
  4765 | D:6      | Found a staircase to the Ecumenical Temple.
  4800 | Temple   | Entered the Ecumenical Temple
  4975 | Temple   | Became a worshipper of Cheibriados the Contemplative
  5048 | D:6      | Reached skill level 5 in Evocations
  5519 | D:7      | Reached * piety under Cheibriados
  5915 | D:7      | Reached ** piety under Cheibriados
  6151 | D:7      | Found a shadowy altar of Dithmenos.
  6186 | D:7      | Reached XP level 9. HP: 10/71 MP: 12/12
  6668 | D:7      | Found a basalt altar of Yredelemnul.
  6905 | D:8      | Reached skill level 1 in Invocations
  6924 | D:8      | Noticed Pikel
  6939 | D:8      | Killed Pikel
  6939 | D:8      | Reached *** piety under Cheibriados
  6939 | D:8      | Reached skill level 1 in Spellcasting
  6948 | D:8      | Noticed Mirai's ghost (novice DECj)
  7036 | D:8      | Killed Mirai's ghost
  7544 | D:8      | Reached skill level 5 in Invocations
  7916 | D:9      | Noticed Maurice
  8194 | D:9      | Reached XP level 10. HP: 33/78 MP: 13/13
  8411 | D:9      | Noticed a centaur warrior
  8426 | D:9      | Killed a centaur warrior
  8437 | D:9      | Reached **** piety under Cheibriados
  8771 | D:9      | Reached skill level 5 in Fighting
  8806 | D:9      | Noticed Agrougrou's ghost (novice DsFi)
  8825 | D:9      | Killed Agrougrou's ghost
  8924 | D:9      | Killed Maurice
  9036 | D:9      | Noticed Grum
  9042 | D:9      | Killed Grum
  9111 | D:9      | Found a staircase to the Orcish Mines.
  9686 | D:10     | Entered Level 10 of the Dungeon
  9722 | D:10     | Noticed sankara's ghost (journeyman HOFi)
  9726 | D:10     | Killed sankara's ghost
  9726 | D:10     | Reached skill level 10 in Long Blades
  9778 | D:10     | Reached XP level 11. HP: 84/91 MP: 15/15
  9909 | D:10     | Noticed a two-headed ogre
  9915 | D:10     | Killed a two-headed ogre
 10161 | D:11     | Reached ***** piety under Cheibriados
 10300 | D:11     | Found a portal to a secret trove of treasure.
 10873 | D:11     | Noticed a two-headed ogre
 10877 | D:11     | Killed a two-headed ogre
 11003 | D:11     | Noticed a two-headed ogre
 11019 | D:11     | Noticed a two-headed ogre
 11020 | D:11     | Killed a two-headed ogre
 11020 | D:11     | Reached XP level 12. HP: 30/103 MP: 17/17
 11028 | D:11     | Killed a two-headed ogre
 11295 | D:11     | Found a staircase to the Lair.
 11730 | Lair:1   | Entered Level 1 of the Lair of Beasts
 12090 | Lair:1   | Reached ****** piety under Cheibriados
 12403 | Orc:1    | Entered Level 1 of the Orcish Mines
 12752 | D:12     | Noticed Gastronok
 12771 | D:11     | Killed Gastronok
 13148 | Lair:2   | Reached skill level 10 in Fighting
 13271 | Lair:2   | Reached skill level 10 in Armour
 13272 | Lair:2   | Splashed by an oklob plant's acid

Skill      XL: |  1  2  3  4  5  6  7  8  9 10 11 12 |
---------------+-------------------------------------+-----
Long Blades    | 3 4 5 6 8 10 | 10.0
Armour         | 5 6 8 10 | 10.0
Shields        | 5 6 8 9 |  9.9
Dodging        | 4 5 6 7 9 |  9.5
Evocations     | 4 6 7 8 |  8.0
Invocations    | 6 7 8 |  8.0
Spellcasting   | 1 2 |  2.0
Fighting       | 6 8 10 | 10.0

Action                   |  1- 3 |  4- 6 |  7- 9 | 10-12 || total
-------------------------+-------+-------+-------+-------++-------
Melee: Long sword        |   107 |   167 |   308 |    28 ||   610
       Headbutt          |    13 |    35 |    81 |   159 ||   288
       Unarmed           |       |       |    15 |     1 ||    16
       Scimitar          |       |       |       |   333 ||   333
Evoke: Wand              |       |       |       |    14 ||    14
  Use: Potion            |       |     5 |     4 |     7 ||    16
       Scroll            |       |       |     8 |    13 ||    21
 Stab: Sleeping          |       |       |     2 |     1 ||     3
  Eat: Chunk             |       |     4 |    12 |     9 ||    25
       Ration            |       |     1 |       |       ||     1
Armor: Scale mail        |    42 |    70 |   109 |    18 ||   239
       Chain mail        |       |       |       |   106 ||   106
       Skin              |       |       |       |     2 ||     2
       Pearl dragon scal |       |       |       |    14 ||    14
Dodge: Dodged            |    45 |    36 |   159 |   233 ||   473
Block: Shield            |    66 |    96 |   189 |   297 ||   648
       Rpst.: Long sword |     8 |    10 |    42 |     3 ||    63
       Scimitar          |       |       |       |    44 ||    44
